 Dungeon Crawl Stone Soup version 0.28-a0-773-g130ae17fe5 (webtiles) character file.

Game seed: 16752458973575656726

14352 Essalna the Destroyer (level 12, -1/75 HPs)
             Began as a Gargoyle Fire Elementalist on Nov 2, 2021.
             Was an Elder of Vehumet.
             Slain by a four-headed hydra (11 damage)
             ... on level 2 of the Lair of Beasts.
             The game lasted 00:27:41 (15089 turns).

Essalna the Destroyer (Gargoyle Fire Elementalist) Turns: 15089, Time: 00:27:42

Health: -1/75      AC: 12    Str: 13    XL:     12   Next: 15%
Magic:  4/24       EV: 14    Int: 20    God:    Vehumet [****..]
Gold:   230        SH:  0    Dex: 10    Spells: 13/27 levels left

rFire   . . .      SeeInvis .   y - +1 whip (elec)
rCold   . . .      Faith    .   (no shield)
rNeg    + . .      Spirit   .   o - +0 robe {Archmagi}
rPois   ∞          Reflect  .   (no helmet)
rElec   +          Harm     .   m - +0 cloak
rCorr   .          Rampage  .   (no gloves)
Will    +....      Archmagi +   (no boots)
Stlth   ++........              (no amulet)
HPRegen 0.22/turn               r - ring of willpower
MPRegen 0.19/turn               (no ring)

@: no status effects
A: sickness immunity, AC +8, negative energy resistance 1, electricity
resistance, torment resistance 1, petrification resistance
a: Renounce Religion


You were on level 2 of the Lair of Beasts.
You worshipped Vehumet.
Vehumet was greatly pleased with you.
You visited 4 branches of the dungeon, and saw 15 of its levels.

You collected 646 gold pieces.
You spent 416 gold pieces at shops.

Inventory:

Hand Weapons
 i - a +4 short sword
 l - a +1 mace of holy wrath
 x - a +7 vorpal dire flail
 y - a +1 whip of electrocution (weapon)
Armour
 a - a +0 robe
 m - a +0 cloak (worn)
 o - a +0 robe of the Archmagi (worn)
 u - the +3 leather armour of the Sacrificial Victim {-Tele Regen+ rCorr}
   (You found it on level 5 of the Dungeon)

   -Tele:     It prevents most forms of teleportation.
   Regen:     It increases your rate of health regeneration.
   rCorr:     It protects you from acid and corrosion.
 H - a +0 troll leather armour
 J - a scarf of shadows
Magical Staves
 I - a staff of conjuration
Jewellery
 r - a ring of willpower (left hand)
 K - the ring "Konlee" {rF++ rN+ Str+6 Int-2 Stlth+}
   (You found it on level 1 of the Lair of Beasts)

   [ring of strength]

   Str:       It affects your strength (+6).
   Int:       It affects your intelligence (-2).
   rF:        It greatly protects you from fire.
   rN:        It protects you from negative energy.
   Stlth:     It makes you more stealthy.
Wands
 p - a wand of charming (23)
 v - a wand of flame (20)
 B - a wand of paralysis (10)
 F - a wand of acid (4)
Scrolls
 c - 3 scrolls of blinking
 f - 2 scrolls of teleportation
 j - 4 scrolls of amnesia {unknown}
 n - 7 scrolls of identify {unknown}
 t - 3 scrolls of magic mapping {unknown}
 w - 3 scrolls of acquirement {unknown}
 A - 2 scrolls of enchant armour {unknown}
 C - a scroll of fog {unknown}
 D - a scroll of immolation {unknown}
 E - 3 scrolls of enchant weapon {unknown}
Potions
 b - 5 potions of curing {unknown}
 d - 2 potions of might {unknown}
 e - 2 potions of haste {unknown}
 g - 4 potions of brilliance {unknown}
 h - 2 potions of invisibility {unknown}
 k - a potion of flight {unknown}
 q - 2 potions of heal wounds {unknown}
 s - 3 potions of lignification {unknown}
 z - a potion of cancellation {unknown}
 G - a potion of berserk rage {unknown}


   Skills:
 + Level 8.7 Fighting
 - Level 4.0 Armour
 + Level 6.7 Dodging
 - Level 2.1 Stealth
 + Level 8.2 Spellcasting
 + Level 9.7 Conjurations
 + Level 9.2 Fire Magic
 + Level 3.3 Ice Magic


You had 13 spell levels left.
You knew the following spells:

 Your Spells              Type           Power      Damage    Failure   Level
a - Foxfire               Conj/Fire      100%       2x1d9     1%          1
b - Scorch                Fire           100%       2d10      1%          2
c - Flame Wave            Conj/Fire      62%        3d11      1%          4
d - Ozocubu's Refrigerat  Ice            16%        4d8       98%         7

Your spell library contained the following spells:

 Spells                   Type           Power      Damage    Failure   Level
 Iskenderun's Mystic Bla  Conj/Tloc      41%        2d9       3%          4
 Conjure Flame            Conj/Fire      62%        6-21      1%          3
 Frozen Ramparts          Ice            64%        1d8       1%          3
 Inner Flame              Hex/Fire       40%        N/A       1%          3
 Ozocubu's Armour         Ice            32%        N/A       6%          3
 Beastly Appendage        Tmut           24%        N/A       9%          1
 Slow                     Hex            48%        N/A       9%          1
 Wereblood                Tmut           12%        N/A       13%         2
 Confusing Touch          Hex            12%        N/A       26%         3
 Gell's Gravitas          Tloc           12%        N/A       26%         3
 Lesser Beckoning         Tloc           12%        N/A       26%         3
 Spider Form              Tmut/Pois      12%        N/A       26%         3
 Teleport Other           Tloc           12%        N/A       26%         3
 Vampiric Draining        Necr           12%        2d6       26%         3
 Lee's Rapid Deconstruct  Erth           6%         3d7*      50%         5
 Leda's Liquefaction      Hex/Erth       6%         N/A       63%         4
 Summon Hydra             Summ           6%         N/A       100%        7
 Sublimation of Blood     Necr           Unusable   N/A       N/A         2
 Statue Form              Tmut/Erth      Unusable   N/A       N/A         6

Dungeon Overview and Level Annotations

Branches:
Dungeon (11/15)            Temple (1/1) D:5            Lair (2/6) D:11
    Orc (1/2) D:10
  Swamp: Lair:2-4    Shoals: Lair:2-4     Snake: Lair:2-4    Spider: Lair:2-4

Altars:
Ashenzari
Cheibriados
Dithmenos
Elyvilon
Fedhas
Gozag
Hepliaklqana
Makhleb
Nemelex Xobeh
Okawaru
Sif Muna
Vehumet
Wu Jian
Xom
Yredelemnul
Zin

Shops:
D:2 (   D:10 *

Annotations:
D:9 1 runed translucent door


Innate Abilities, Weirdness & Mutations

You are immune to sickness and miasma.
Your stone body is resilient. (AC +8)
You are immune to poison.
You resist negative energy. (rN+)
You are resistant to electric shocks. (rElec)
You are resistant to unholy torment.
You are immune to petrification.


Message History

You hear a croak.
Casting: Flame Wave (safe; 1% risk of failure)
Confirm with . or Enter, or press ? or * to list all spells.
Casting: Flame Wave (safe; 1% risk of failure)
Press: ? - help, Dir - look around, f - activate You feel a surge of power!
A wave of flame ripples out!
The flame wave engulfs the cane toad!!
The cane toad is severely wounded. (Press . to intensify the flame waves.)
The cane toad misses you. The cane toad closely misses you.
A wave of flame ripples out!
The flame wave engulfs the cane toad!
The cane toad is almost dead.
The flame wave engulfs the four-headed hydra!!
The four-headed hydra is severely wounded.
The four-headed hydra closely misses you.
The four-headed hydra barely misses you.
The four-headed hydra closely misses you.
The four-headed hydra bites you! The cane toad closely misses you.
A wave of flame ripples out!
The flame wave engulfs the cane toad!!
You kill the cane toad!
Vehumet accepts your kill.
Vehumet is now extending the range of your destructive spells.
The flame wave engulfs the four-headed hydra!
The four-headed hydra is almost dead.
You hear a loud, deep croak!
You hear a deafening roar!
You hear a croak.
You hear a deafening roar!
The four-headed hydra bites you!
* * * LOW HITPOINT WARNING * * *
The four-headed hydra barely misses you.
The four-headed hydra bites you!
* * * LOW HITPOINT WARNING * * *
The four-headed hydra closely misses you.
Casting: Flame Wave (safe; 1% risk of failure)
Confirm with . or Enter, or press ? or * to list all spells.
You feel a surge of power!
Flames lash the four-headed hydra.
The four-headed hydra is almost dead.
The four-headed hydra's fire resistance burns away.
The four-headed hydra completely misses you.
The four-headed hydra bites you!
You die...

..........
.....#...
........P
.........
........#
........#
.......D#
......†@#
.........#
........##
#.#+..#..
. ....#..
.....#.##
#.... ..#
.#... ...


You could see a four-headed hydra (combustible).

Vanquished Creatures
  2 two-headed ogres
  An ugly thing (D:10)
  A manticore (D:11)
  An orc sorcerer (Orc:1)
  A cyclops (D:9)
  A black mamba (Lair:1)
  2 cane toads (Lair:2)
  3 komodo dragons
  A troll (D:10)
  A hornet (D:9)
  3 blink frogs (Lair:2)
  Sigmund (D:3)
  2 wraiths (D:11)
  A wyvern (D:9)
  A shadow (D:10)
  17 yaks
  2 vampire mosquitoes
  Edmund (D:5)
  A warg (Orc:1)
  An acid dragon (D:11)
  4 water moccasins
  7 orc warriors
  A hornet zombie (D:6)
  A sky beast (D:6)
  A black bear (D:4)
  3 necrophages
  2 centaurs
  An ogre (D:4)
  5 kobold brigands
  5 bullfrogs
  2 scorpions (D:6)
  A gnoll sergeant (D:8)
  2 wyvern zombies (D:9)
  24 wights
  A killer bee (D:10)
  An electric eel (D:10)
  A bullfrog zombie (D:4)
  5 centaur zombies
  2 hounds (D:5)
  A jelly (D:6)
  Crazy Yiuf (D:2)
  3 orc priests
  A centaur skeleton (D:7)
  A gnoll shaman (D:7)
  11 orc wizards
  Ijyb (D:4)
  21 gnolls
  5 adders
  An ufetubus (D:6)
  A worm (D:3)
  A dart slug (D:4)
  34 orcs
  5 endoplasms
  3 giant cockroaches
  10 goblins
  6 hobgoblins
  4 quokkas
  2 ball pythons
  9 bats
  5 frilled lizards
  40 kobolds
  4 rats
  A spectral orc (D:6)
284 creatures vanquished.

Vanquished Creatures (collateral kills)
  A foxfire (Lair:1)
1 creature vanquished.

Vanquished Creatures (others)
  1048 foxfires
  8 fungi
  23 plants
1079 creatures vanquished.

Grand Total: 1364 creatures vanquished

Notes
Turn   | Place    | Note
-------+----------+-------------------------------------------
     0 | D:1      | Essalna the Gargoyle Fire Elementalist began the quest for
                  | the Orb.
     0 | D:1      | Reached XP level 1. HP: 10/10 MP: 3/3
   291 | D:2      | Reached XP level 2. HP: 11/15 MP: 3/5
   811 | D:1      | Reached XP level 3. HP: 19/19 MP: 3/6
  1447 | D:2      | Found a faded altar of an unknown god.
  1605 | D:2      | Reached XP level 4. HP: 24/24 MP: 0/8
  1875 | D:2      | Found a runed translucent door.
  1877 | D:2      | Noticed Crazy Yiuf
  1884 | D:2      | Learned a level 2 spell: Scorch
  1887 | D:2      | Killed Crazy Yiuf
  1888 | D:2      | Reached XP level 5. HP: 16/28 MP: 0/9
  2045 | D:2      | Found Maolus's Weapon Boutique.
  2610 | D:3      | Noticed Sigmund
  2614 | D:3      | Killed Sigmund
  2615 | D:3      | Reached XP level 6. HP: 32/32 MP: 1/11
  3520 | D:4      | Noticed Ijyb
  3527 | D:4      | Killed Ijyb
  3807 | D:4      | Noticed a black bear
  3812 | D:4      | Killed a black bear
  3813 | D:4      | Reached skill level 1 in Fighting
  3813 | D:4      | Reached skill level 1 in Armour
  3813 | D:4      | Reached XP level 7. HP: 38/38 MP: 5/13
  3817 | D:4      | Reached skill level 5 in Fire Magic
  4566 | D:5      | Entered Level 5 of the Dungeon
  4572 | D:5      | Identified the +3 leather armour of the Sacrificial Victim
                  | {-Tele Regen+ rCorr}
  5041 | D:5      | Found a glowing silver altar of Zin.
  5071 | D:5      | Noticed Edmund
  5076 | D:5      | Killed Edmund
  5121 | D:5      | Found a broken altar of Ashenzari.
  5248 | D:5      | Found a staircase to the Ecumenical Temple.
  5262 | Temple   | Entered the Ecumenical Temple
  5349 | Temple   | Became a worshipper of Vehumet
  5766 | D:6      | Reached XP level 8. HP: 35/45 MP: 3/14
  5866 | D:6      | Reached skill level 5 in Conjurations
  6427 | D:6      | Reached skill level 5 in Spellcasting
  6589 | D:6      | Found an iron altar of Okawaru.
  6649 | D:6      | Reached XP level 9. HP: 52/52 MP: 7/16
  7005 | D:6      | Found a hazy altar of Hepliaklqana.
  7154 | D:7      | Found a shadowy altar of Dithmenos.
  8238 | D:7      | Found a shimmering altar of Xom.
  8858 | D:8      | Reached * piety under Vehumet
  8858 | D:8      | Offered knowledge of Shock by Vehumet.
  9435 | D:8      | Reached skill level 5 in Fighting
  9595 | D:8      | Noticed a two-headed ogre
  9867 | D:8      | Killed a two-headed ogre
  9868 | D:8      | Reached XP level 10. HP: 60/60 MP: 9/19
 10345 | D:8      | Reached ** piety under Vehumet
 10776 | D:9      | Offered knowledge of Sandblast by Vehumet.
 10891 | D:9      | Reached skill level 5 in Dodging
 10986 | D:9      | Learned a level 4 spell: Flame Wave
 11590 | D:9      | Noticed a two-headed ogre
 11595 | D:9      | Killed a two-headed ogre
 11596 | D:9      | Reached XP level 11. HP: 67/67 MP: 13/21
 11711 | D:9      | Offered knowledge of Ignite Poison by Vehumet.
 11959 | D:9      | Found a runed translucent door.
 11959 | D:9      | Noticed a cyclops
 11963 | D:9      | Killed a cyclops
 12145 | D:9      | Noticed a six-headed hydra
 12176 | D:10     | Entered Level 10 of the Dungeon
 12252 | D:10     | Noticed a purple ugly thing
 12262 | D:10     | Killed a purple ugly thing
 12463 | D:10     | Found a blossoming altar of Fedhas.
 12555 | D:10     | Reached *** piety under Vehumet
 12855 | D:10     | Found Duutopn's Elemental Accessories.
 12863 | D:10     | Bought the Reference Book on the Frostbite for 416 gold
                  | pieces
 12875 | D:10     | Learned a level 7 spell: Ozocubu's Refrigeration
 13011 | D:10     | Found a staircase to the Orcish Mines.
 13176 | Orc:1    | Entered Level 1 of the Orcish Mines
 13176 | Orc:1    | Noticed an orc sorcerer
 13182 | Orc:1    | Killed an orc sorcerer
 13190 | Orc:1    | Offered knowledge of Iskenderun's Mystic Blast by Vehumet.
 13191 | Orc:1    | Noticed an orc warlord
 13191 | Orc:1    | Noticed an orc knight
 13355 | D:11     | Noticed a manticore
 13367 | D:11     | Killed a manticore
 13368 | D:11     | Reached skill level 1 in Ice Magic
 13579 | D:11     | Found a staircase to the Lair.
 14089 | D:11     | Noticed a centaur warrior
 14142 | Lair:1   | Entered Level 1 of the Lair of Beasts
 14474 | Lair:1   | Identified the ring "Konlee" {rF++ rN+ Str+6 Int-2 Stlth+}
 15043 | Lair:1   | Noticed a four-headed hydra
 15077 | Lair:2   | Reached XP level 12. HP: 55/75 MP: 17/24
 15081 | Lair:2   | Noticed a four-headed hydra
 15088 | Lair:2   | Reached **** piety under Vehumet
 15089 | Lair:2   | Slain by a four-headed hydra

Illustrated notes

Levels and vault maps discovered:
D:1:      wander_arrival_lonely_grave, layout_basic
D:2:      layout_rooms, dreamdust_ecumenical_altar_grove, serial_shops, shop,
          uniq_crazy_yiuf_cottage
D:3:      layout_basic, uniq_sigmund
D:4:      layout_loops_ring, minmay_misc_feat_chi, uniq_ijyb
D:5:      layout_gridville, old_standard_altar,
          mainiacjoe_overflow_small_starburst, minmay_temple_entry_ruins,
          nrook_mini_backslash, uniq_edmund
D:6:      layout_rooms, amcnicky_altar_gilded,
          nicolae_hepliaklqana_monster_ancestors, kennysheep_nondescript
D:7:      layout_layer_cave, grunt_dithmenos_smoke_and_mirrors,
          kennysheep_little_box, minmay_misc_feat_iff, minivault_24
D:8:      layout_layer_cave, grunt_ministairs_12
D:9:      layout_gridville, minivault_13
D:10:     layout_cave_pools, mainiacjoe_overflow_six_doors_small, orc_0_dummy,
          serial_bayou_pond_b, serial_bayou_pond_c, nicolae_lava_and_water,
          nicolae_elemental_shop, st_stairs_13
D:11:     layout_roguey, david_lair_shrubbed
Temple:   regret_index_temple_waves
Lair:1:   layout_chaotic_city, serial_bayou_shore_b
Lair:2:   layout_chaotic_city, hangedman_tree_tricks, minivault_26,
          grunt_megastairs_3
Orc:1:    layout_diamond_mine, serial_shops, nicolae_lakefront_shop,
          uniq_erolcha

Skill      XL: |  1  2  3  4  5  6  7  8  9 10 11 12 |
---------------+-------------------------------------+-----
Conjurations   | 2 3 4 5 7 8 9 |  9.7
Spellcasting   | 3 4 5 6 7 8 |  8.2
Fire Magic     | 4 5 6 7 8 9 |  9.2
Fighting       | 1 2 3 5 7 8 |  8.7
Armour         | 1 2 3 4 |  4.0
Dodging        | 2 3 4 5 6 |  6.7
Ice Magic      | 2 3 |  3.3
Stealth        | |  2.1

Action                   |  1- 3 |  4- 6 |  7- 9 | 10-12 || total
-------------------------+-------+-------+-------+-------++-------
Melee: Unarmed           |    32 |       |       |       ||    32
       Short sword       |       |    29 |    10 |       ||    39
       Whip              |       |       |    45 |    35 ||    80
 Cast: Foxfire           |    73 |    82 |   189 |   279 ||   623
       Scorch            |       |     7 |    73 |    74 ||   154
       Flame Wave        |       |       |       |    17 ||    17
  Use: Scroll            |       |       |     1 |     1 ||     2
 Stab: Sleeping          |       |     2 |       |       ||     2
Armor: Robe              |    30 |     7 |    43 |    58 ||   138
Dodge: Dodged            |    43 |    25 |    60 |   102 ||   230

Table legend: (Time is in decaauts)
 A = Elapsed time spent in this place.
 B = Non-inter-level travel time spent in this place.
 C = Inter-level travel time spent in this place.
 D = Time resting spent in this place.
 E = Time spent auto-exploring this place.
 F = Levels seen in this place.
 G = Mean time per level.
                   A        B        C        D        E       F      G
               +--------+--------+--------+--------+--------+-----+--------+
         Total |  15122 |  14464 |    658 |    663 |  11798 |  15 | 1008.1 |
       Dungeon |  14038 |  13412 |    626 |    663 |  10915 |  11 | 1276.2 |
        Temple |    120 |     88 |     32 |      0 |     66 |   1 |  120.0 |
          Lair |    946 |    946 |      0 |      0 |    817 |   2 |  473.0 |
  Orcish Mines |     16 |     16 |      0 |      0 |      0 |   1 |   16.0 |
               +--------+--------+--------+--------+--------+-----+--------+

Top non-repeatable levels by time:
     D:7: 2059 daAuts
     D:8: 1609 daAuts
     D:1: 1410 daAuts
     D:9: 1408 daAuts
     D:4: 1280 daAuts
     D:3: 1238 daAuts
     D:5: 1183 daAuts
    D:10: 1115 daAuts
     D:6: 1010 daAuts
  Lair:1: 930 daAuts
     D:2: 870 daAuts
    D:11: 851 daAuts
  Temple: 120 daAuts
   Orc:1: 16 daAuts
  Lair:2: 15 daAuts
